 Dungeon Crawl Stone Soup version 0.26.0-10-g1f06aea511 (webtiles) character file.

Game seed: 1227718585644698447

33 Goblin1989 the Sneak (level 3, -3/29 HPs)
             Began as a Demonspawn Delver on Jan 26, 2021.
             Slain by a lemure (5 damage)
             ... led by Pikel
             ... on level 5 of the Dungeon.
             The game lasted 00:02:07 (335 turns).

Goblin1989 the Sneak (Demonspawn Delver)             Turns: 335, Time: 00:02:07

Health: -3/29      AC:  5    Str: 13    XL:     3   Next: 12%
Magic:  3/3        EV: 12    Int: 11    God:
Gold:   39         SH:  0    Dex: 17    Spells: 2/2 levels left

rFire    . . .     SeeInvis .   a - +0 short sword
rCold    + . .     Faith    .   (no shield)
rNeg     . . .     Spirit   .   b - +0 leather armour
rPois    .         Reflect  .   (no helmet)
rElec    .         Harm     .   (no cloak)
rCorr    .         Rampage  .   N - +1 pair of gloves {Dex+3}
Will     .....                  (no boots)
Stlth    +++.......             (no amulet)
HPRegen  0.09/turn              (no ring)
MPRegen  0.08/turn              (no ring)

@: no status effects
A: cold resistance 1
a: no special abilities


You were on level 5 of the Dungeon.
You visited 1 branch of the dungeon, and saw 2 of its levels.

You collected 39 gold pieces.

Inventory:

Hand Weapons
 a - a +0 short sword (weapon)
Missiles
 R - 3 boomerangs (quivered)
 S - 26 stones {@Q3}
Armour
 b - a +0 leather armour (worn)
 N - a +1 pair of gloves of dexterity (worn)
Wands
 g - a wand of digging (3) {@v1}
Scrolls
 c - a scroll of fog
 e - a scroll of fear
 M - a scroll of magic mapping
 O - a scroll of amnesia {unknown}
 P - a scroll of identify {unknown}
 Q - a scroll of remove curse {unknown}
Potions
 f - a potion of haste {@q3,}


   Skills:
 - Level 3.0 Fighting
 + Level 3.3 Short Blades
 - Level 1.7 Dodging
 - Level 4.5 Stealth


You had 2 spell levels left.
You didn't know any spells.
Your spell library was empty.

Dungeon Overview and Level Annotations

Branches:
Dungeon (5/15)
 Temple: D:4-7

Altars:

Shops:
D:5 *

Annotations:
D:4 Menkaure


Innate Abilities, Weirdness & Mutations

Your flesh is cold resistant. (rC+)


Message History

The white imp hits you. The white imp freezes you. You resist.
You take 2 damage, and have 22/24 hp.
You completely miss the white imp. The white imp gestures at you.
The puff of frost misses you.
You completely miss the white imp.
The white imp hits you but does no damage.
You hit the white imp.
The white imp is moderately wounded.
The white imp gestures at you. The puff of frost misses you.
You closely miss the white imp.
The white imp is moderately wounded.
The white imp closely misses you.
You hit the white imp.
The white imp is severely wounded.
The white imp barely misses you.
You hit the white imp.
You kill the white imp!
You have reached level 3!
Your experience leads to an increase in your attributes!
Your base attributes are Str 12, Int 11, Dex 14.
Increase (s)trength, (i)ntelligence, or (d)exterity?
You feel stronger.
You regained 5 hp, and now have 27/29 hp.
MP restored: 3 A lemure comes into view.
Health restored: 29 You see here a worker ant corpse.
You closely miss the lemure. The lemure hits you.
You take 3 damage, and have 26/29 hp.
You barely miss the lemure. The lemure completely misses you.
You hit the lemure but do no damage. The lemure hits you.
You take 3 damage, and have 23/29 hp.
You closely miss the lemure. The lemure hits you.
You take 6 damage, and have 17/29 hp.
MASSIVE DAMAGE!!
You barely miss the lemure. The lemure barely misses you.
You closely miss the lemure. The lemure misses you.
You hit the lemure.
The lemure is lightly wounded.
The lemure hits you but does no damage.
You hit the lemure but do no damage.
The lemure is lightly wounded.
The lemure closely misses you.
You hit the lemure but do no damage.
The lemure is lightly wounded.
The lemure hits you.
You take 1 damage, and have 17/29 hp.
You hit the lemure.
The lemure is moderately wounded.
You completely miss the lemure.
The lemure is moderately wounded.
The lemure hits you.
You take 3 damage, and have 14/29 hp.
You hit the lemure.
The lemure is moderately wounded.
The lemure hits you.
* * * LOW HITPOINT WARNING * * *
You take 1 damage, and have 13/29 hp.
You hit the lemure.
The lemure is heavily wounded.
The lemure hits you but does no damage.
You hit the lemure but do no damage.
The lemure is heavily wounded.
The lemure closely misses you.
You barely miss the lemure.
The lemure is heavily wounded.
The lemure hits you.
* * * LOW HITPOINT WARNING * * *
You take 1 damage, and have 12/29 hp.
You hit the lemure but do no damage.
The lemure is heavily wounded.
The lemure closely misses you.
You closely miss the lemure.
The lemure is heavily wounded.
The lemure closely misses you.
You hit the lemure but do no damage.
The lemure is heavily wounded.
The lemure hits you.
* * * LOW HITPOINT WARNING * * *
You take 5 damage, and have 7/29 hp.
You hit the lemure.
The lemure is heavily wounded.
The lemure hits you.
* * * LOW HITPOINT WARNING * * *
You take 6 damage, and have 1/29 hp.
MASSIVE DAMAGE!!
You closely miss the lemure.
The lemure is heavily wounded.
The lemure barely misses you. The lemure barely misses you.
You hit the lemure.
The lemure is heavily wounded.
The lemure barely misses you.
You barely miss the lemure.
The lemure is heavily wounded.
The lemure barely misses you.
You hit the lemure but do no damage.
The lemure is heavily wounded.
The lemure hits you.
You die... ██████

..<..██████████
████.........>███████
.......████.....@5..█
████...█ █...█████.█
█ █...█


█████ █.█ █ ██..█ ██.██ . .... █...████ █ s..... █.█....█ .█..███ █...██.█
██████†█ ██.██ You could see a lemure.

Vanquished Creatures
  A worker ant (D:5)
  A white imp (D:5)
  A dart slug (D:5)
3 creatures vanquished.

Notes
Turn   | Place    | Note
-------+----------+-------------------------------------------
     0 | D:5      | Goblin1989 the Demonspawn Delver began the quest for the
                  | Orb.
     0 | D:5      | Reached XP level 1. HP: 18/18 MP: 1/1
    54 | D:5      | Found Birhowikh's Assorted Antiques.
   102 | D:4      | Noticed Menkaure
   109 | D:5      | Noticed a scorpion
   131 | D:5      | Noticed a worker ant
   134 | D:5      | Killed a worker ant
   135 | D:5      | Gained mutation: Your flesh is cold resistant. (rC+)
                  | [demonic ancestry]
   135 | D:5      | Reached XP level 2. HP: 24/24 MP: 2/2
   281 | D:5      | Reached XP level 3. HP: 27/29 MP: 3/3
   293 | D:5      | Noticed a lemure
   321 | D:5      | HP: 1/29 [lemure[Pikel] (6)]
   335 | D:5      | Slain by a lemure

Illustrated notes

Levels and vault maps discovered:
D:4:      layout_basic, minmay_temple_entry_overgrown, uniq_menkaure
D:5:      minmay_general_purpose_star, layout_loops_ring, serial_shops, shop,
          st_stairs_14, hangedman_decor_points, uniq_pikel

Skill      XL: |  1 |
---------------+----+-----
Short Blades   | 3 |  3.3
Fighting       | |  3.0
Dodging        | |  1.7
Stealth        | |  4.5

Action                   || total
-------------------------++-------
Melee: Short sword       ||    35
 Stab: Sleeping          ||     1
Armor: Leather armour    ||     5
Dodge: Dodged            ||    20
